 Dungeon Crawl Stone Soup version 0.30.0-19-g36f170ea60 (webtiles) character file.

Game seed: 14027298245776394074

1413 Ijustatesigmund the Trooper (level 8, 0/56 HPs)
             Began as an Octopode Artificer on June 1, 2023.
             Was an Initiate of the Shining One.
             Succumbed to an adder's poison
             ... on level 5 of the Dungeon.
             The game lasted 00:11:01 (5273 turns).

Ijustatesigmund the Trooper (Octopode Artificer)    Turns: 5273, Time: 00:11:02

Health: 0/56       AC:  2    Str: 23    XL:     8   Next: 71%
Magic:  9/9        EV: 14    Int: 21    God:    the Shining One [......]
Gold:   188        SH:  0    Dex: 11    Spells: 7/7 levels left

rFire   . . .        f - +11 mace of Honour {elec, rPois}
rCold   + . .        (no shield)
rNeg    . . .        r - +1 hat
rPois   +            (no amulet)
rElec   .            g - +6 ring of strength
rCorr   .            n - +6 ring of strength
SInv    .            h - ring of protection from cold
Will    .....        o - +6 ring of intelligence
Stlth   ++           (no ring)
HPRegen 0.29/turn    (no ring)
MPRegen 0.11/turn    (no ring)
                     (no ring)

%: no passive effects
@: lethally poisoned (0 -> -7), glowing
A: almost no armour, amphibious, 8 rings, camouflage 1, gelatinous body 1,
(nimble swimmer 1), tentacles, clumsy 1, MP-powered wands
a: Renounce Religion


You were on level 5 of the Dungeon.
You worshipped the Shining One.
The Shining One was noncommittal.
You visited 2 branches of the dungeon, and saw 7 of its levels.

You collected 188 gold pieces.

Inventory:

Hand Weapons
 a - a +0 hand axe of electrocution
 f - the +11 mace of Honour (weapon) {elec, rPois}
   (You found it on level 5 of the Dungeon)

   rPois:     It protects you from poison.
Missiles
 i - 14 poisoned darts
Armour
 r - a +1 hat (worn)
Jewellery
 g - a +6 ring of strength (left tentacle)
 h - a ring of protection from cold (on tentacle)
 n - a +6 ring of strength (right tentacle)
 o - a +6 ring of intelligence (on tentacle)
 u - the amulet of the Shrieking Pear {Spirit rCorr Dex+2}
   (You found it on level 5 of the Dungeon)

   [amulet of guardian spirit]

   It causes incoming damage to be divided between your reserves of health and
   magic.
   Dex:       It affects your dexterity (+2).
   rCorr:     It protects you from acid and corrosion.
Wands
 b - a wand of flame (15) (quivered)
 c - a wand of charming (15)
 d - a wand of iceblast (5)
 e - a wand of mindburst (6)
Scrolls
 l - a scroll of immolation
 q - 2 scrolls of magic mapping
 t - a scroll of amnesia
Potions
 j - a potion of flight
 k - a potion of brilliance
 m - 2 potions of attraction


   Skills:
 + Level 5.6 Fighting
 + Level 4.9 Axes
 + Level 4.4 Dodging
 - Level 4.7 Stealth
 - Level 2.2 Necromancy
 - Level 2.3 Air Magic
 - Level 2.8 Poison Magic
 + Level 2.0 Invocations
 - Level 3.2 Evocations


You had 7 spell levels left.
You didn't know any spells.
Your spell library contained the following spells:

 Spells                   Type           Power      Damage    Failure   Level
 Cigotuvi's Dreadful Rot  Necr/Pois/Air  20%        N/A       10%         2
 Freeze                   Ice            0%         1d3       19%         1
 Lesser Beckoning         Tloc           0%         N/A       26%         2
 Vhi's Electric Charge    Tloc/Air       8%         N/A       34%         3
 Ignite Poison            Fire/Tmut/Pois 3%         N/A       36%         3
 Frozen Ramparts          Ice            0%         1d1       47%         3
 Gell's Gravitas          Tloc           0%         N/A       47%         3
 Hailstorm                Conj/Ice       0%         3d3       47%         3
 Ozocubu's Armour         Ice            0%         N/A       47%         3
 Teleport Other           Tloc           0%         N/A       47%         3
 Arcjolt                  Conj/Air       2%         1d12      97%         5
 Freezing Cloud           Conj/Ice/Air   1%         6-21      98%         5
 Plasma Beam              Fire/Air       2%         2x1d13    100%        6
 Ozocubu's Refrigeration  Ice            0%         4d7       100%        7


Dungeon Overview and Level Annotations

Branches:
Dungeon (6/15)             Temple (1/1) D:5

Altars:
Ashenzari
Cheibriados
Dithmenos
Fedhas
Kikubaaqudgha
Makhleb
Nemelex Xobeh
Okawaru
Qazlal
Trog
Vehumet
Wu Jian
Xom
Yredelemnul
Zin
The Shining One


Innate Abilities, Weirdness & Mutations

You cannot wear most types of armour.
You are amphibious.
You can wear up to eight rings at the same time.
Your skin changes colour to match your surroundings (Stealth+).
Your rubbery body absorbs attacks. (AC +1, EV +1)
((You are camouflaged when in or above water. (Stealth+)))
You have tentacles for arms and can constrict up to eight enemies at once.
You are clumsy. (Dex -2)
You expend magic power (3 MP) to strengthen your wands.


Message History

The ice beast is moderately wounded.
The adder barely misses you. The ice beast barely misses you.
An iguana comes into view.
The iguana completely misses you. The adder bites you. The ice beast hits you.
The ice beast freezes you! You resist. The iguana bites you.
The iguana moves out of view.
You sock the ice beast!
The ice beast is severely wounded.
The adder completely misses you. The ice beast hits you.
The ice beast freezes you. You resist. The iguana barely misses you.
The adder closely misses you.
You sock the ice beast!
The ice beast is almost dead.
The adder bites you.
The ice beast hits you but does no damage.
The iguana closely misses you. The adder bites you.
The ice beast hits you but does no damage.
The iguana bites you!
* * * LOW HITPOINT WARNING * * *
The adder bites you but does no damage.
You climb upwards.
There is a stone staircase leading down, spattered with blood here.
You hit the ice beast but do no damage.
You squeeze the ice beast, but do no damage.
The ice beast is almost dead.
The iguana barely misses you. The adder closely misses you.
The ice beast hits you but does no damage.
You sock the ice beast!
You kill the ice beast!
The adder misses you. The iguana barely misses you. The adder bites you.
* * * LOW HITPOINT WARNING * * *
You are poisoned.
The adder poisons you! The iguana bites you!
* * * LOW HITPOINT WARNING * * *
Your Invocations skill increases to level 2!
It was a potion of mutation.
You feel extremely strange.
You feel clumsy.
You feel your magical essence link to the dungeon's wands.
You die...

#.........## ##
#..........## #.
#...........# #####.
#..........[## #.....
#............# #.###.
#............# #.# #.
#............####.###.
#...S..........##.##[.
#....@.......##...##..
##....l..)..#####.....
##.........# ##.....
########### ##......
##....... #.......(
##........ #.........
##........


You could see an iguana and an adder.

Vanquished Creatures
  The ghost of ymhsbmbesitwf the Shooter, an amateur HuHu (D:5)
  Grinder (D:4)
  A water moccasin (D:6)
  An ice beast (D:5)
  An ogre (D:5)
  A kobold brigand (D:5)
  2 phantoms (D:5)
  Blork the orc (D:5)
  A jelly (D:6)
  2 sleepcaps (D:5)
  Ijyb (D:4)
  2 iguanas (D:5)
  Natasha (thrice) (D:4)
  2 orc wizards (D:3)
  Robin (D:4)
  6 adders
  A shadow imp (D:5)
  2 worms (D:2)
  2 dart slugs
  10 orcs
  6 endoplasms
  4 giant cockroaches
  6 hobgoblins
  15 jackals
  A quokka (D:5)
  11 ball pythons
  3 frilled lizards
  14 goblins
  7 kobolds
  7 rats
116 creatures vanquished.

Notes
Turn   | Place    | Note
-------+----------+-------------------------------------------
     0 | D:1      | Ijustatesigmund the Octopode Artificer began the quest for
                  | the Orb.
     0 | D:1      | Reached XP level 1. HP: 13/13 MP: 1/1
   165 | D:1      | Reached skill level 2 in Fighting
   165 | D:1      | Reached XP level 2. HP: 16/19 MP: 2/2
   425 | D:1      | Found a faded altar of an unknown god.
  1055 | D:2      | Reached XP level 3. HP: 25/25 MP: 3/3
  1056 | D:2      | Reached skill level 1 in Axes
  1133 | D:2      | Reached skill level 3 in Fighting
  1345 | D:2      | Reached XP level 4. HP: 27/31 MP: 4/4
  1380 | D:2      | Learned a level 2 spell: Cigotuvi's Dreadful Rot
  1922 | D:3      | Reached skill level 1 in Poison Magic
  1963 | D:3      | Reached skill level 1 in Air Magic
  1963 | D:3      | Reached XP level 5. HP: 29/36 MP: 5/5
  1971 | D:3      | Reached skill level 1 in Necromancy
  2468 | D:4      | Noticed Robin
  2469 | D:4      | Noticed Ijyb
  2477 | D:4      | Killed Ijyb
  2484 | D:4      | Killed Robin
  2485 | D:4      | Reached XP level 6. HP: 8/43 MP: 6/6
  2738 | D:4      | Found a broken altar of Ashenzari.
  2769 | D:4      | Noticed Natasha
  2775 | D:4      | Killed Natasha
  3040 | D:4      | Noticed Grinder
  3050 | D:4      | Killed Grinder
  3051 | D:4      | Reached skill level 4 in Fighting
  3051 | D:4      | Reached XP level 7. HP: 29/48 MP: 7/7
  3828 | D:4      | Noticed Natasha
  3831 | D:4      | Killed Natasha
  3846 | D:4      | Noticed Natasha
  3850 | D:4      | Killed Natasha
  3876 | D:5      | Entered Level 5 of the Dungeon
  4035 | D:5      | Found a large runed translucent door.
  4036 | D:5      | Found a large runed translucent door.
  4043 | D:5      | Noticed ymhsbmbesitwf's ghost (amateur HuHu)
  4222 | D:5      | Identified the +11 mace of Honour {elec, rPois}
  4260 | D:5      | Found a shimmering altar of Xom.
  4267 | D:5      | Found a staircase to the Ecumenical Temple.
  4371 | D:5      | Noticed Blork the orc
  4376 | D:5      | Killed Blork the orc
  4377 | D:5      | Reached XP level 8. HP: 54/54 MP: 8/8
  4553 | D:5      | Identified the amulet of the Shrieking Pear {Spirit rCorr
                  | Dex+2}
  4607 | D:5      | Found a radiant altar of Vehumet.
  4681 | D:5      | Killed ymhsbmbesitwf's ghost
  4682 | D:5      | Reached skill level 5 in Fighting
  4849 | Temple   | Entered the Ecumenical Temple
  4884 | Temple   | Became a worshipper of the Shining One
  4960 | D:6      | Reached skill level 1 in Invocations
  5272 | D:5      | HP: 1/56 [iguana (13)]
  5273 | D:5      | Gained mutation: You are clumsy. (Dex -2) [potion of
                  | mutation]
  5273 | D:5      | Gained mutation: You expend magic power (3 MP) to
                  | strengthen your wands. [potion of mutation]
  5273 | D:5      | Succumbed to an adder's poison

Illustrated notes

Levels and vault maps discovered:
D:1:      psy_arrival_dodecagon, layout_basic,
          dilly_ecumenical_altar_fadedgnrine
D:2:      layout_basic, grunt_decor_junction, nicolae_elevator_lobby_plus
D:3:      layout_basic, kennysheep_nub
D:4:      layout_layer_cave, ashenzari_conservatory_becter, nicolae_goblin_pals,
          uniq_natasha, uniq_grinder
D:5:      layout_cave_pods, old_standard_altar, vehumet_crystals,
          minmay_temple_entry_overgrown, ebering_ghost_disaster_area,
          uniq_blork_the_orc
D:6:      layout_basic, nicolae_ru_great_annihilating_truth
Temple:   nicolae_temple_ecumenical_triangle

Skill      XL: |  1  2  3  4  5  6  7  8 |
---------------+-------------------------+-----
Fighting       | 2 3 4 5 |  5.6
Axes           | 1 2 3 4 |  4.9
Poison Magic   | 1 2 |  2.8
Air Magic      | 1 2 |  2.3
Necromancy     | 1 2 |  2.2
Stealth        | 4 |  4.7
Dodging        | 3 4 |  4.4
Invocations    | 2 |  2.0
Evocations     | |  3.2

Action                     |  1- 3 |  4- 6 |  7- 9 || total
---------------------------+-------+-------+-------++-------
  Melee: Club              |    33 |       |       ||    33
         Constrict         |    25 |    15 |    12 ||    52
         Tentacles         |    12 |    14 |    11 ||    37
         Hand axe          |    44 |    84 |    23 ||   151
         Mace              |       |       |    38 ||    38
         Punch             |       |       |     2 ||     2
   Cast: Cigotuvi's Dreadf |       |     1 |       ||     1
  Evoke: Wand              |       |       |     2 ||     2
    Use: Scroll            |     4 |     5 |     4 ||    13
         Potion            |       |     4 |     4 ||     8
   Stab: Sleeping          |     7 |     2 |       ||     9
         Distracted        |       |     2 |       ||     2
 Armour: Skin              |     6 |    17 |    12 ||    35
  Dodge: Dodged            |    41 |    44 |    51 ||   136
